 Dungeon Crawl Stone Soup version 0.28.0-53-g5a82cb258f (webtiles) character file.

Game seed: 13968675417078275164

39 Sin92 the Magician (level 3, -4/37 HPs)
             Began as a Demonspawn Hedge Wizard on July 12, 2022.
             Slain by a phantom (7 damage)
             ... on level 2 of the Dungeon.
             The game lasted 00:01:36 (2031 turns).

Sin92 the Magician (Demonspawn Hedge Wizard)        Turns: 2031, Time: 00:01:37

Health: -4/37      AC: 21    Str: 10    XL:     3   Next: 28%
Magic:  2/7        EV:  2    Int: 15    God:
Gold:   11         SH:  0    Dex: 14    Spells: 7/8 levels left

rFire   . . .      SeeInvis .   a - +1 dagger
rCold   . . .      Faith    .   (no shield)
rNeg    . . .      Spirit   .   (armour currently unavailable)
rPois   +          Reflect  .   (helmet currently unavailable)
rElec   .          Harm     .   (cloak currently unavailable)
rCorr   .          Rampage  .   (gloves currently unavailable)
Will    .....      NoTele   +   (boots currently unavailable)
Stlth   ++........              (no amulet)
HPRegen 0.12/turn               (no ring)
MPRegen 0.10/turn               (no ring)

@: tree-form
A: stationary, stasis, torment immunity, boosted hp, (horns 2), (talons 1),
MP-powered wands
a: no special abilities


You were on level 2 of the Dungeon.
You were a tree.
You visited 1 branch of the dungeon, and saw 2 of its levels.

You collected 11 gold pieces.

Inventory:

Hand Weapons
 a - a +1 dagger (weapon)
Armour
 b - a +0 robe (melded)
 c - a +0 hat (melded)
Scrolls
 g - a scroll of brand weapon {unknown}


   Skills:
 + Level 0.7 Fighting
 * Level 1.2 Short Blades
 + Level 2.1 Dodging
 + Level 2.0 Stealth
 + Level 3.1 Spellcasting
 + Level 1.4 Conjurations
 - Level 1.0 Summonings
 + Level 1.1 Translocations


You had 7 spell levels left.
You knew the following spells:

 Your Spells              Type           Power      Damage    Failure   Level
a - Magic Dart            Conj           24%        1d4       11%         1

Your spell library contained the following spells:

 Spells                   Type           Power      Damage    Failure   Level
 Blink                    Tloc           10%        N/A       19%         2
 Slow                     Hex            8%         N/A       21%         1
 Call Imp                 Summ           5%         N/A       21%         2
 Conjure Flame            Conj/Fire      4%         6-21      41%         3
 Mephitic Cloud           Conj/Pois/Air  3%         N/A       43%         3


Dungeon Overview and Level Annotations

Branches:
Dungeon (2/15)

Altars:


Innate Abilities, Weirdness & Mutations

You are a tree.
Your roots penetrate the ground, keeping you stationary.
You cannot be teleported.
You are immune to unholy pain and torment.
Your maximum health is greatly increased.
Your equipment is partially melded.
((You have a pair of horns on your head.))
((You have sharp toenails.))
You expend magic power (3 MP) to strengthen your wands.


Message History

Your toenails lengthen and sharpen.
The phantom hits you!
* * * LOW HITPOINT WARNING * * *
You hit the phantom but do no damage. You claw the phantom, but do no damage.
The phantom hits you.
* * * LOW HITPOINT WARNING * * *
The phantom blinks!
You blink.
You hit the phantom. Your kick misses the phantom.
The phantom is lightly damaged.
The phantom hits you.
* * * LOW HITPOINT WARNING * * *
It was a potion of lignification.
You turn into a tree.
Your +0 hat melds into your body.
Your +0 robe melds into your body.
Your roots penetrate the ground.
The phantom hits you but does no damage.
You hit the phantom.
The phantom is lightly damaged.
The phantom hits you but does no damage.
You hit the phantom but do no damage.
The phantom is lightly damaged.
The phantom hits you but does no damage.
You miss the phantom.
The phantom is lightly damaged.
The phantom hits you but does no damage.
You hit the phantom.
The phantom is moderately damaged.
The phantom hits you but does no damage.
You hit the phantom.
The phantom is heavily damaged.
The phantom hits you but does no damage.
You hit the phantom.
The phantom is heavily damaged.
The phantom hits you but does no damage.
You hit the phantom but do no damage.
The phantom is heavily damaged.
The phantom hits you but does no damage.
You miss the phantom.
The phantom is heavily damaged.
The phantom hits you!
You die...

#..#....÷# #.#####.## .#
..# #.## .# . ### #..#
#.# .. .†# ##.### ..##.
#.######...######....
#......>.......(...######
#####.####......?.##.....
......# .#####♣........
####### .# #.W.........
...#...........
#.............
###...........
#####...........
#####..†..).........
##.(...#########.....
#####..##### ####


You could see a phantom.

Vanquished Creatures
  An adder (D:2)
  A dart slug (D:1)
  A ball python (D:1)
  8 bats
  3 endoplasms
  2 goblins (D:1)
  2 hobgoblins
  3 kobolds
  2 frilled lizards (D:2)
  5 rats
28 creatures vanquished.

Notes
Turn   | Place    | Note
-------+----------+-------------------------------------------
     0 | D:1      | Sin92 the Demonspawn Hedge Wizard began the quest for the
                  | Orb.
     0 | D:1      | Reached XP level 1. HP: 13/13 MP: 4/4
   211 | D:1      | Reached skill level 1 in Translocations
   715 | D:1      | Gained mutation: You have a pair of small horns on your
                  | head. [demonic ancestry]
   715 | D:1      | Reached XP level 2. HP: 16/19 MP: 6/6
  1054 | D:1      | Found a faded altar of an unknown god.
  1459 | D:1      | Reached skill level 1 in Short Blades
  2005 | D:2      | Gained mutation: You have a pair of horns on your head.
                  | [demonic ancestry]
  2005 | D:2      | Reached XP level 3. HP: 25/25 MP: 7/7
  2010 | D:2      | Noticed a phantom
  2020 | D:2      | Gained mutation: You expend magic power (3 MP) to
                  | strengthen your wands. [potion of mutation]
  2020 | D:2      | Gained mutation: You have sharp toenails. [potion of
                  | mutation]
  2022 | D:2      | HP: 1/25 [phantom (1)]
  2031 | D:2      | Slain by a phantom

Illustrated notes

Levels and vault maps discovered:
D:1:      evilmike_arrival_hilbert_curve, layout_basic,
          shapermc_ecumenical_altar_ellora
D:2:      layout_rooms

Skill      XL: |  1  2 |
---------------+-------+-----
Translocations | 1 |  1.1
Short Blades   | 1 |  1.2
Dodging        | 2 |  2.1
Stealth        | 2 |  2.0
Fighting       | |  0.7
Spellcasting   | |  3.1
Conjurations   | |  1.4
Summonings     | |  1.0

Action                   || total
-------------------------++-------
Melee: Dagger            ||   103
       Punch             ||     1
       Headbutt          ||     7
       Kick              ||     1
 Cast: Magic Dart        ||     8
  Use: Scroll            ||     1
       Potion            ||     3
 Stab: Sleeping          ||     2
Armor: Robe              ||    18
       Skin              ||     8
Dodge: Dodged            ||    58
